 Dungeon Sprint DCSS version 0.30.1-11-g7821555f0a (webtiles) character file.

Game seed: 8051588369556744364

4 Groucho the Sneak (level 1, 0/9 HPs)
             Began as a Spriggan Enchanter on Dec 24, 2023.
             Slain by a howler monkey (7 damage)
             ... in the Dungeon (Sprint IX: "|||||||||||||||||||||||||||||").
             The game lasted 00:00:05 (33 turns).

Groucho the Sneak (Spriggan Enchanter)                Turns: 33, Time: 00:00:05

Health: 0/9        AC:  2    Str:  4    XL:     1   Next: 58%
Magic:  5/5        EV: 18    Int: 16    God:
Gold:   0          SH:  0    Dex: 15    Spells: 6/6 levels left

rFire   . . .        a - +1 dagger
rCold   . . .        (no shield)
rNeg    . . .        b - +0 robe
rPois   .            (helmet restricted)
rElec   .            (no cloak)
rCorr   .            (gloves unavailable)
SInv    +            (boots unavailable)
Will    .....        (no amulet)
Stlth   +++          (no ring)
HPRegen 0.21/turn    (no ring)
MPRegen 0.09/turn

%: no teleportation
@: very quick
A: very small, no large weapons, unfitting armour, see invisible, speed 3
a: no special abilities


You were in the Dungeon.
You visited 1 branch

Inventory:

Hand Weapons
 a - a +1 dagger (weapon)
Armour
 b - a +0 robe (worn)
Scrolls
 i - a scroll of blinking
Potions
 c - 2 potions of invisibility
 d - a potion of curing
 e - a potion of heal wounds
 f - a potion of haste
 g - 2 potions of magic
 h - a potion of berserk rage


   Skills:
 + Level 1.2 Short Blades
 + Level 3.5 Dodging
 + Level 5.1 Stealth
 + Level 3.0 Spellcasting
 + Level 4.3 Hexes


You had 6 spell levels left.
You didn't know any spells.
Your spell library contained the following spells:

 Spells                   Type           Power      Damage    Failure   Level
 Confusing Touch          Hex            16%        N/A       10%         3
 Tukima's Dance           Hex            16%        N/A       10%         3
 Ensorcelled Hibernation  Hex/Ice        18%        N/A       12%         2
 Dazzling Flash           Conj/Hex       18%        N/A       24%         3


Dungeon Overview and Level Annotations

Branches:
Dungeon (1/1)

Altars:


Innate Abilities, Weirdness & Mutations

You are very small and have problems with some larger weapons.
You are too small for most types of armour.
You have supernaturally acute eyesight. (SInv)
You cover ground extremely quickly. (Speed+++)


Message History

You hit the hobgoblin.
You kill the hobgoblin!
There is an open door to the Dungeon, spattered with blood here.
Items here: ) ††††.
You open the door.
An orc, an iguana, a sleepcap, a white imp and a howler monkey come into view.
The iguana hisses angrily.
The white imp shouts!
The howler monkey howls!
The orc shouts!
There is an open door here.
You hit the howler monkey.
The howler monkey is lightly wounded.
The howler monkey barely misses you.
You hit the howler monkey.
The howler monkey is lightly wounded.
The howler monkey hoots and howls with incredible vigour!
You barely miss the howler monkey.
The howler monkey is lightly wounded.
The howler monkey closely misses you.
The howler monkey hits you but does no damage.
You hit the howler monkey.
The howler monkey is moderately wounded.
The howler monkey misses you.
You hit the howler monkey but do no damage.
The howler monkey is moderately wounded.
The howler monkey completely misses you.
You closely miss the howler monkey.
The howler monkey is moderately wounded.
The howler monkey closely misses you.
You hit the howler monkey.
The howler monkey is heavily wounded.
The howler monkey misses you.
You hit the howler monkey but do no damage.
The howler monkey is heavily wounded.
The howler monkey hoots and howls with incredible vigour!
You barely miss the howler monkey.
The howler monkey is heavily wounded.
The howler monkey completely misses you.
The howler monkey hits you!
Ouch! That really hurt!
You die... ▓▓▓▓▓▓▓▓▓▓▓▓▓▓▓▓▓▓ +olf5h@.....)...<▓ ▓▓▓▓▓▓▓▓▓▓▓▓▓▓▓▓▓▓

You could see a sleepcap, a howler monkey, an iguana, a white imp and an orc.

Vanquished Creatures
  A goblin (D)
  A hobgoblin (D)
  A ball python (D)
  A frilled lizard (D)
  A rat (D)
5 creatures vanquished.

Notes
Turn   | Place    | Note
-------+----------+-------------------------------------------
     0 | D        | Groucho the Spriggan Enchanter began the quest for the Orb.
     0 | D        | Reached XP level 1. HP: 9/9 MP: 5/5
    11 | D        | Reached skill level 5 in Stealth
    23 | D        | Noticed an iguana
    23 | D        | Noticed a sleepcap
    23 | D        | Noticed a howler monkey
    33 | D        | Slain by a howler monkey

Illustrated notes

Levels and vault maps discovered:
D:        linesprint [early_d, line_temple, items_1, d_10, items_2, lair_1,
          lair_end, items_3, orc_1, orc_end, items_4, d_15, swamp_1, shoals_1,
          snake_1, spider_1, d_20, vaults_1, items_5, swamp_end, shoals_end,
          snake_end, spider_end, vaults_end, d_27, items_6, zot_1, zot_end,
          crypt_end, forest_end, elf_end, slime_end, tomb_end, abyss_end,
          pan_hell_end]

Skill      XL: |  1 |
---------------+----+-----
Hexes          | 4 |  4.3
Stealth        | 5 |  5.1
Spellcasting   | 3 |  3.0
Dodging        | 3 |  3.5
Short Blades   | |  1.2

Action                     || total
---------------------------++-------
  Melee: Dagger            ||    22
 Armour: Robe              ||     3
  Dodge: Dodged            ||    12
